 Dungeon Sprint DCSS version 0.23-a0-143-g1adec7b (webtiles) character file.

79 emperorscorpion the Gusty (level 4, -8/24 HPs)
             Began as a Deep Elf Air Elementalist on Sept 1, 2018.
             Mangled by an ice beast (11 damage)
             ... in the Dungeon (Sprint IX: "|||||||||||||||||||||||||||||").
             The game lasted 00:00:41 (38 turns).

emperorscorpion the Gusty (Deep Elf Air Elementalist) Turns: 38, Time: 00:00:43

Health: -8/24      AC:  2    Str:  5    XL:     4   Next: 17%
Magic:  2/13       EV: 14    Int: 21    God:
Gold:   0          SH:  0    Dex: 15    Spells: 13/14 levels left

rFire    . . .     SeeInvis .   (no weapon)
rCold    . . .     Gourm    .   (no shield)
rNeg     . . .     Faith    .   a - +0 robe
rPois    .         Spirit   .   (no helmet)
rElec    .         Reflect  .   (no cloak)
rCorr    .         Harm     .   (no gloves)
MR       .....     NoTele   +   (no boots)
Stlth    ++........             (no amulet)
HPRegen  0.08/turn              (no ring)
MPRegen  0.13/turn              (no ring)

@: berserk cooldown, slowed, very slow
A: no striking features
a: no special abilities


You were in the Dungeon.
You were not hungry.

You visited 1 branch

Inventory:

Armour
 a - a +0 robe (worn)
Scrolls
 i - a scroll of blinking
Potions
 d - a potion of curing
 e - a potion of heal wounds
 f - a potion of haste
 g - 2 potions of magic
Comestibles
 b - a chunk of flesh
 c - a ration


   Skills:
 + Level 4.1 Dodging
 + Level 3.6 Stealth
 + Level 0.1 Unarmed Combat
 + Level 5.6 Spellcasting
 + Level 2.0 Conjurations
 + Level 6.8 Air Magic


You had 13 spell levels left.
You knew the following spells:

 Your Spells              Type           Power        Failure   Level  Hunger
a - Shock                 Conj/Air       ###.         1%          1    None

Your spell library contained the following spells:

 Spells                   Type           Power        Failure   Level  Hunger
 Swiftness                Chrm/Air       ###.....     3%          2    None
 Static Discharge         Conj/Air       ###.....     4%          3    ##.....
 Airstrike                Air            ####......   6%          4    ####...
 Lightning Bolt           Conj/Air       ###.......   41%         5    #####..


Dungeon Overview and Level Annotations

Branches:
Dungeon (1/1)

Altars:


Message History

The adder barely misses you.
You barely miss the adder.
The adder is heavily wounded.
The adder barely misses you.
You hit the adder.
You kill the adder!
Your Conjurations skill increases to level 2!
You hit the ice beast but do no damage.
The ice beast is moderately wounded.
You hit the ice beast.
The ice beast is heavily wounded.
The ice beast completely misses you. The crimson imp barely misses you.
You hit the ice beast.
The ice beast is severely wounded.
You are no longer berserk.
You are exhausted.
You feel yourself slow down. The ice beast hits you.
* * * LOW HITPOINT WARNING * * *
The ice beast freezes you!
You die...

▓+▓
▓.▓
▓.▓
▓.▓
▓.▓
▓.▓
▓Y▓
▓@▓
▓5▓
▓.▓
▓.▓
▓.▓
▓(▓
▓.▓
▓.▓
▓.▓


You could see an ice beast and a crimson imp.

Vanquished Creatures
  A howler monkey (D)
  A gnoll shaman (D)
  An adder (D)
  A bat (D)
  2 frilled lizards (D)
  A kobold (D)
  A rat (D)
8 creatures vanquished.

Notes
Turn   | Place    | Note
-------+----------+-------------------------------------------
     0 | D        | emperorscorpion the Deep Elf Air Elementalist began the
                  | quest for the Orb.
     0 | D        | Reached XP level 1. HP: 10/10 MP: 6/6
     5 | D        | Reached skill level 4 in Air Magic
    14 | D        | Noticed a crimson imp
    14 | D        | Noticed an ice beast
    14 | D        | Noticed a howler monkey
    14 | D        | Noticed a gnoll shaman
    18 | D        | Killed a howler monkey
    18 | D        | Reached skill level 5 in Air Magic
    18 | D        | Reached XP level 2. HP: 12/15 MP: 1/9
    18 | D        | Reached XP level 3. HP: 16/19 MP: 1/11
    22 | D        | Reached skill level 5 in Spellcasting
    22 | D        | Reached skill level 6 in Air Magic
    22 | D        | Reached XP level 4. HP: 12/24 MP: 0/13
    38 | D        | Mangled by an ice beast

Vault maps used:
D:        linesprint

Skill      XL: |  1  2  3  4 |
---------------+-------------+-----
Air Magic      | 5 6 |  6.8
Dodging        | 3 4 |  4.1
Stealth        | 3 |  3.6
Spellcasting   | 4 5 |  5.6
Conjurations   | 2 |  2.0
Unarmed Combat | |  0.1

Action                   |  1- 3 |  4- 6 || total
-------------------------+-------+-------++-------
Melee: Unarmed           |     2 |    16 ||    18
 Cast: Shock             |     7 |       ||     7
  Use: Potion            |     1 |       ||     1
Armor: Robe              |       |     2 ||     2
Dodge: Dodged            |     2 |     9 ||    11

Table legend:
 A = Non-vault XP
 B = Vault XP
 C = Vault XP percentage of total XP
 D = Non-vault monster count
 E = Vault monster count
 F = Vault count percentage of total count
                 A         B        C        D         E       F
            +---------+---------+-------+---------+---------+-------
      Total |       0 |     114 | 100.0 |       0 |       8 | 100.0
            +---------+---------+-------+---------+---------+-------
          D |       0 |     114 | 100.0 |       0 |       8 | 100.0
            +---------+---------+-------+---------+---------+-------
